 Dungeon Crawl Stone Soup version 0.28-a0-863-g8cecda6153 (webtiles) character file.

Game seed: 8196255179352816892

146 blank1 the Slasher (level 5, -4/42 (46) HPs)
             Began as a Minotaur Fighter on Nov 18, 2021.
             Slain by a wight (6 damage)
             ... on level 3 of the Dungeon.
             The game lasted 00:04:24 (2093 turns).

blank1 the Slasher (Minotaur Fighter)               Turns: 2093, Time: 00:04:25

HP:   -4/42 (46)    AC: 16    Str: 22    XL:     5   Next: 7%
MP:   4/4           EV: 10    Int: 11    God:
Gold: 69            SH:  0    Dex:  9    Spells: 4/4 levels left

rFire   + . .      SeeInvis .   e - +0 triple sword (protect)
rCold   . . .      Faith    .   (shield currently unavailable)
rNeg    . . .      Spirit   .   b - +0 scale mail
rPois   .          Reflect  .   (helmet restricted)
rElec   .          Harm     .   o - +1 cloak
rCorr   .          Rampage  .   (no gloves)
Will    .....                   (no boots)
Stlth   ..........              (no amulet)
HPRegen 0.14/turn               h - +6 ring of intelligence
MPRegen 0.09/turn               m - ring of protection from fire

@: under a protective aura, drained
A: horns 2, retaliatory headbutt
a: no special abilities


You were on level 3 of the Dungeon.
You visited 1 branch of the dungeon, and saw 3 of its levels.

You collected 69 gold pieces.

Inventory:

Hand Weapons
 a - a +0 flail
 e - a +0 triple sword of protection (weapon)
Armour
 b - a +0 scale mail (worn)
 c - a +0 buckler
 o - a +1 cloak (worn)
Jewellery
 h - a +6 ring of intelligence (left hand)
 m - a ring of protection from fire (right hand)
Scrolls
 f - a scroll of holy word {unknown}
 g - a scroll of vulnerability {unknown}
 i - a scroll of teleportation {unknown}
 k - 3 scrolls of identify {unknown}
 l - a scroll of immolation {unknown}
Potions
 d - a potion of might
 n - a potion of haste {unknown}


   Skills:
 + Level 4.2 Fighting
 + Level 4.3 Long Blades
 - Level 2.5 Maces & Flails
 - Level 4.0 Armour
 - Level 2.0 Dodging
 - Level 3.6 Shields


You had 4 spell levels left.
You didn't know any spells.
Your spell library was empty.

Dungeon Overview and Level Annotations

Branches:
Dungeon (3/15)

Altars:


Innate Abilities, Weirdness & Mutations

You have a pair of horns on your head.
You reflexively headbutt those who attack you in melee.


Message History

You feel stronger.
Things that are here:
a +0 long sword; a +0 robe Unknown command.
You start resting.
HP restored.
k - 3 scrolls labelled SAYJAAD TIAZIO (gained 1)
A wight comes into view. It is wielding a +4 scimitar.
A wight is nearby!
A wight is nearby!
A wight is nearby!
The wight completely misses you.
You slice the wight!!
Your weapon exudes an aura of protection.
You destroy the wight!
A wight comes into view. It is wielding a +4 scimitar.
Training target 4.0 for Long Blades reached!
Training target 2.0 for Dodging reached!
Your Long Blades skill increases to level 4!
Your Dodging skill increases to level 2!
You need to enable at least one skill for training.
You have reached level 5!
You hit the wight but do no damage. The wight hits you with a +4 scimitar!
You feel drained. The wight hits you with a +4 scimitar.
You closely miss the wight. The wight hits you with a +4 scimitar.
You feel drained. The wight hits you but does no damage.
You closely miss the wight. The wight barely misses you.
You furiously retaliate!
You headbutt the wight, but do no damage.
You barely miss the wight. The wight hits you with a +4 scimitar!
You feel drained. The wight barely misses you.
You hit the wight but do no damage.
Your weapon exudes an aura of protection.
Your headbutt misses the wight. The wight hits you with a +4 scimitar!
* * * LOW HITPOINT WARNING * * *
You hit the wight but do no damage. The wight barely misses you.
The wight hits you with a +4 scimitar!
* * * LOW HITPOINT WARNING * * *
You barely miss the wight. The wight hits you with a +4 scimitar.
You die...

#.....)..#######.#.#.
##..#.##.# #.#.##
#.##.......# #...#
...........# #.###
#.##.##.##.# #.. #.
#.##.# #.# #
#.##.#### #.#
#.##........
#.z@........
###########.


You could see a wight.

Vanquished Creatures
  2 wights (D:3)
  An adder (D:2)
  2 worms (D:2)
  4 endoplasms
  A giant cockroach (D:2)
  6 goblins
  6 hobgoblins
  2 jackals (D:2)
  A quokka (D:1)
  4 ball pythons
  4 bats (D:1)
  2 frilled lizards
  4 kobolds
  3 rats
42 creatures vanquished.

Notes
Turn   | Place    | Note
-------+----------+-------------------------------------------
     0 | D:1      | blank1 the Minotaur Fighter began the quest for the Orb.
     0 | D:1      | Reached XP level 1. HP: 19/19 MP: 0/0
    97 | D:1      | Reached XP level 2. HP: 22/27 MP: 1/1
   172 | D:1      | Reached skill level 1 in Dodging
   336 | D:1      | Reached skill level 1 in Long Blades
   906 | D:2      | Reached XP level 3. HP: 24/33 MP: 2/2
  1061 | D:2      | Found a faded altar of an unknown god.
  1882 | D:3      | Reached XP level 4. HP: 15/40 MP: 3/3
  2086 | D:3      | Reached XP level 5. HP: 46/46 MP: 4/4
  2092 | D:3      | HP: 2/42 [wight (9)]
  2093 | D:3      | Slain by a wight

Illustrated notes

Levels and vault maps discovered:
D:1:      eino_arrival_druids_welcome, layout_loops_ring
D:2:      layout_basic, hellmonk_ecumenical_altar_slurped_away
D:3:      layout_loops_ring

Skill      XL: |  1  2  3  4 |
---------------+-------------+-----
Dodging        | 1 2 |  2.0
Long Blades    | 1 3 4 |  4.3
Armour         | 4 |  4.0
Fighting       | 4 |  4.2
Maces & Flails | |  2.5
Shields        | |  3.6

Action                   |  1- 3 |  4- 6 || total
-------------------------+-------+-------++-------
Melee: Triple sword      |    81 |     8 ||    89
       Flail             |     7 |       ||     7
       Headbutt          |    18 |       ||    18
Armor: Scale mail        |    70 |     1 ||    71
Dodge: Dodged            |    64 |     4 ||    68
Block: Buckler           |     2 |       ||     2

Table legend: (Time is in decaauts)
 A = Elapsed time spent in this place.
 B = Non-inter-level travel time spent in this place.
 C = Inter-level travel time spent in this place.
 D = Time resting spent in this place.
 E = Time spent auto-exploring this place.
 F = Levels seen in this place.
 G = Mean time per level.
                   A        B        C        D        E       F      G
               +--------+--------+--------+--------+--------+-----+--------+
         Total |   2156 |   2100 |     56 |    186 |   1552 |   3 |  718.7 |
       Dungeon |   2156 |   2100 |     56 |    186 |   1552 |   3 |  718.7 |
               +--------+--------+--------+--------+--------+-----+--------+

Top non-repeatable levels by time:
     D:2: 1136 daAuts
     D:1: 762 daAuts
     D:3: 258 daAuts
